 Dungeon Crawl Stone Soup version 0.18.1-5-g4a78601 (webtiles) character file.

88 Gargoyl the Skirmisher (level 4, 0/37 HPs)
             Began as a Demonspawn Abyssal Knight on May 11, 2016.
             Was a Believer of Lugonu.
             Slain by an orc
             ... wielding a +0 morningstar
              (8 damage)
             ... on level 3 of the Dungeon.
             The game lasted 00:04:38 (2075 turns).

Gargoyl the Skirmisher (Demonspawn Abyssal Knight)  Turns: 2075, Time: 00:04:38

Health: 0/37       AC:  6    Str: 13    XL:     4   Next: 29%
Magic:  5/5        EV: 10    Int: 11    God:    Lugonu [**....]
Gold:   109        SH:  0    Dex: 13    Spells: 0 memorised, 3 levels left

rFire  + . .     SeeInvis .     a - +1 hand axe
rCold  . . .     Gourm    .     k - +0 ring mail (curse)
rNeg   . . .     Faith    .     (no shield)
rPois  +         Spirit   .     d - +0 helmet
rElec  .         Dismiss  .     (no cloak)
rCorr  .         Reflect  .     (no gloves)
SustAt .         Harm     .     (no boots)
MR     .....                    n - amulet of regeneration
Stlth  +.........               (no ring)
                                (no ring)

@: drained, not resistant to hostile enchantments, very unstealthy
A: claws 1, talons 1, dopey 1, fire resistance 1, mutation resistance 1, poison
resistance
a: Depart the Abyss, Bend Space, Renounce Religion


You were on level 3 of the Dungeon.
You worshipped Lugonu.
Lugonu was pleased with you.
You were not hungry.

You visited 1 branch of the dungeon, and saw 3 of its levels.
You visited the Abyss 1 time.

You collected 109 gold pieces.

Inventory:

Hand Weapons
 a - a +1 hand axe (weapon)
Missiles
 j - 5 javelins (quivered)
Armour
 d - a +0 helmet (worn)
 k - a cursed +0 ring mail (worn)
Jewellery
 n - an amulet of regeneration (around neck)
 w - an uncursed ring of flight {unknown}
Scrolls
 b - 4 scrolls of identify {unknown}
 i - 2 scrolls of recharging {unknown}
 l - a scroll of teleportation {unknown}
 p - a scroll of enchant weapon {unknown}
 u - a scroll of enchant armour {unknown}
 v - a scroll of amnesia {unknown}
Potions
 e - a potion of resistance {unknown}
 r - a potion of heal wounds
 s - a potion of curing {unknown}
Comestibles
 c - 2 bread rations
 f - a royal jelly
 g - 3 fruits
 m - 2 chunks of flesh
 o - 3 beef jerkies
 q - a meat ration


   Skills:
 + Level 3.7(3.3) Fighting
 + Level 2.2(1.8) Axes
 * Level 2.8(2.4) Armour
 + Level 1.6(1.1) Dodging
 + Level 2.6(2.2) Invocations


You had 3 spell levels left.
You didn't know any spells.

Dungeon Overview and Level Annotations

Branches:
Dungeon (3/15)

Altars:

Annotations:
D:3 Perturabo's ghost, amateur HOFi


Innate Abilities, Weirdness & Mutations

You have sharp fingernails.
You have sharp toenails.
You are dopey. (Int -2)
Your flesh is heat resistant.
You are somewhat resistant to further mutation.
Your system is resistant to poisons.


Message History

The orc hits you with a morningstar.
Unknown command.
You closely miss the orc. You hit the orc.
The orc is moderately wounded.
You hit the orc but do no damage.
The orc is moderately wounded.
The orc hits you but does no damage.
The orc priest calls down the wrath of Beogh upon you.
Beogh smites you!
* * * LOW HITPOINT WARNING * * *
The orc hits you with a dagger.
* * * LOW HITPOINT WARNING * * *
The orc closely misses you.
The orc priest casts a cantrip, but nothing happens.
The orc hits you but does no damage.
Drink which item? (? for menu, Esc to quit)
You feel extremely strange.
Your toenails lengthen and sharpen.
You feel genetically stable. The orc barely misses you.
The orc hits you with a morningstar!
You die...

#.##..##... #...)..
##........##.###....
##.........##......)<
+....).....######....
+.....†....# #.#..
##...).....## #.#..
.#####.o....†..#####.#..
......?oo.†........#.#..
######@o..#######...#..
###..###########..
##.....)........
#############.. #.. #..
#.. #.. ###


You could see an orc priest and 3 orcs.

Vanquished Creatures
  An adder (D:2)
  2 oozes (D:1)
  A worm (D:2)
  4 dart slugs
  2 giant geckos
  2 orcs (D:3)
  2 giant cockroaches
  5 hobgoblins
  5 jackals (D:2)
  2 quokkas (D:2)
  A ball python (D:3)
  8 bats
  A giant newt (D:1)
  7 goblins
  6 kobolds
  4 rats
53 creatures vanquished.

Notes
Turn   | Place    | Note
--------------------------------------------------------------
     0 | Abyss:1  | Gargoyl the Demonspawn Abyssal Knight began the quest for the Orb.
     0 | Abyss:1  | Reached XP level 1. HP: 18/18 MP: 2/2
    38 | Abyss:2  | Found a corrupted altar of Lugonu.
    77 | Abyss:2  | Noticed a tentacled starspawn
    84 | D:1      | Escaped the Abyss
   168 | D:1      | Reached skill level 1 in Dodging
   301 | D:1      | Gained mutation: You have sharp fingernails. [demonic ancestry]
   301 | D:1      | Reached XP level 2. HP: 24/24 MP: 3/3
  1086 | D:1      | Reached * piety under Lugonu
  1265 | D:1      | Reached XP level 3. HP: 27/29 MP: 4/4
  1595 | D:2      | Reached ** piety under Lugonu
  1595 | D:2      | Reached XP level 4. HP: 18/37 MP: 5/5
  1816 | D:3      | Noticed Perturabo's ghost (amateur HOFi)
  2060 | D:3      | Gained mutation: Your flesh is heat resistant. [potion of mutation]
  2060 | D:3      | Gained mutation: You are dopey. (Int -2) [potion of mutation]
  2060 | D:3      | Gained mutation: Your system is resistant to poisons. [potion of mutation]
  2075 | D:3      | Gained mutation: You have sharp toenails. [potion of mutation]
  2075 | D:3      | Gained mutation: You are somewhat resistant to further mutation. [potion of mutation]
  2075 | D:3      | Slain by an orc

Skill      XL: |  1  2  3 |
---------------+----------+-----
Dodging        | 1 |  1.6
Armour         | 2 |  2.8
Axes           | 2 |  2.2
Fighting       | |  3.7
Invocations    | |  2.6

Action                   |  1- 3 |  4- 6 || total
-------------------------+-------+-------++-------
Melee: Hand axe          |   112 |    35 ||   147
Throw: Javelin           |     4 |       ||     4
Invok: Depart the Abyss  |     1 |       ||     1
  Use: Potion            |       |     4 ||     4
  Eat: Chunk             |     2 |     2 ||     4
Armor: Leather armour    |     6 |       ||     6
       Ring mail         |    44 |    35 ||    79
Dodge: Dodged            |    72 |    55 ||   127
